 Dungeon Crawl Stone Soup version 0.21.1-1-g345015f (webtiles) character file.

267 Verr the Skirmisher (level 6, 0/49 HPs)
             Began as a Demonspawn Fighter on Mar 24, 2018.
             Was an Initiate of Yredelemnul.
             Slain by a hound (1 damage)
             ... on level 4 of the Dungeon on Mar 28, 2018.
             The game lasted 00:14:43 (4413 turns).

Verr the Skirmisher (Demonspawn Fighter)            Turns: 4413, Time: 00:14:43

Health: 0/49       AC:  8    Str: 18    XL:     6   Next: 0%
Magic:  0/6        EV:  9    Int: 10    God:    Yredelemnul [......]
Gold:   117        SH:  4    Dex: 12    Spells: 5/5 levels left

rFire    . . .     SeeInvis .   a - +0 war axe
rCold    . . .     Gourm    .   q - +0 buckler
rNeg     . . .     Faith    .   k - +0 scale mail
rPois    .         Spirit   +   (no helmet)
rElec    .         Reflect  .   (no cloak)
rCorr    .         Harm     .   (no gloves)
MR       .....                  s - +0 pair of boots
Stlth    ..........             (no amulet)
HPRegen  0.16/turn              (no ring)
MPRegen  0.10/turn              (no ring)

@: no status effects
A: claws 2, demonic guardian 1, magic shield
a: Renounce Religion


You were on level 4 of the Dungeon.
You worshipped Yredelemnul.
Yredelemnul was noncommittal.
You were hungry.

You visited 1 branch of the dungeon, and saw 4 of its levels.

You collected 117 gold pieces.

Inventory:

Hand Weapons
 a - a +0 war axe (weapon)
 b - a +0 hunting sling of flaming
 g - a +0 hunting sling
 l - a +3 antimagic hand axe
 v - a +1 hand axe of venom
Missiles
 h - 140 stones (quivered)
Armour
 c - a +0 shield
 k - a +0 scale mail (worn)
 q - a +0 buckler (worn)
 s - a +0 pair of boots (worn)
Jewellery
 w - an uncursed ring of protection from cold {unknown}
 x - an uncursed ring of protection from cold {unknown}
Wands
 y - a wand of polymorph (10)
Scrolls
 e - a scroll of remove curse {unknown}
 i - a scroll of identify {unknown}
 n - a scroll of magic mapping {unknown}
 o - a scroll of enchant weapon {unknown}
 t - 3 scrolls of teleportation {unknown}
 u - a scroll of fog {unknown}
Potions
 d - a potion of might
 j - 2 potions of haste
 m - a potion of brilliance
 p - a potion of degeneration {unknown}
 r - a potion of lignification {unknown}
 z - 2 potions of heal wounds {unknown}
Comestibles
 f - 8 rations


   Skills:
 * Level 4.5 Fighting
 * Level 3.6 Axes
 + Level 3.4 Armour
 + Level 3.4 Shields


You had 5 spell levels left.
You didn't know any spells.

Dungeon Overview and Level Annotations

Branches:
Dungeon (4/15)
 Temple: D:4-7

Altars:
Ashenzari
Fedhas
Trog
Vehumet
Yredelemnul


Innate Abilities, Weirdness & Mutations

You have very sharp fingernails.
A weak demonic guardian rushes to your aid.
When hurt, damage is shared between your health and your magic reserves.


Message History

The hound bites you. x2
* * * LOW HITPOINT WARNING * * *
The hound barely misses you.
The hound bites you but does no damage. x2
The hound closely misses you. The hound bites you.
* * * LOW HITPOINT WARNING * * *
The hound bites you.
* * * LOW HITPOINT WARNING * * *
The hound closely misses you. The hound bites you but does no damage.
The hound misses you. The hound bites you.
* * * LOW HITPOINT WARNING * * *
The hound bites you but does no damage. x2
The hound bites you.
* * * LOW HITPOINT WARNING * * *
The hound bites you but does no damage. x2
The hound bites you.
You die...
Your body rises from the dead as a mindless zombie.

##..# #..# .# #..# .#
###..######## .#
#...........# .#
#...........# .#
#...........# .#
#...........#####.#
#..)>...........@h#####
#..[........###........#
#...........# #...).....
############# #........#
#........# ##+#######


You could see a hound.

Vanquished Creatures
  The ghost of homeworkjunkie the Covered, an amateur HOFi of Okawaru (D:4)
  A phantom (D:4)
  Terence (D:2)
  4 adders
  A worm (D:3)
  A dart slug (D:1)
  A giant cockroach (D:2)
  8 goblins
  4 hobgoblins
  2 jackals (D:1)
  4 kobolds
  A quokka (D:2)
  A bat (D:1)
  2 frilled lizards
  3 rats
35 creatures vanquished.

Vanquished Creatures (collateral kills)
  A worker ant (D:4)
1 creature vanquished.

Grand Total: 36 creatures vanquished

Notes
Turn   | Place    | Note
-------+----------+-------------------------------------------
     0 | D:1      | Verr the Demonspawn Fighter began the quest for the Orb.
     0 | D:1      | Reached XP level 1. HP: 18/18 MP: 1/1
   252 | D:1      | Gained mutation: You have sharp fingernails. [demonic ancestry]
   252 | D:1      | Reached XP level 2. HP: 24/24 MP: 2/2
   732 | D:2      | Noticed Terence
  1316 | D:2      | Killed Terence
  1316 | D:2      | Reached XP level 3. HP: 13/29 MP: 0/3
  1608 | D:2      | Found a shattered altar of Ashenzari.
  2345 | D:2      | Gained mutation: A weak demonic guardian rushes to your aid. [demonic ancestry]
  2345 | D:2      | Reached XP level 4. HP: 37/37 MP: 4/4
  2723 | D:3      | Found a radiant altar of Vehumet.
  3488 | D:3      | Found a basalt altar of Yredelemnul.
  3488 | D:3      | Found a bloodstained altar of Trog.
  3488 | D:3      | Found a blossoming altar of Fedhas.
  3500 | D:3      | Became a worshipper of Yredelemnul the Dark
  3667 | D:4      | Reached skill level 4 in Fighting
  3730 | D:4      | Noticed a phantom
  3759 | D:4      | Killed a phantom
  3759 | D:4      | Gained mutation: When hurt, damage is shared between your health and your magic reserves. [demonic ancestry]
  3759 | D:4      | Reached XP level 5. HP: 25/42 MP: 5/5
  3761 | D:4      | Noticed homeworkjunkie's ghost (amateur HOFi)
  4022 | D:4      | Killed homeworkjunkie's ghost
  4022 | D:4      | Gained mutation: You have very sharp fingernails. [demonic ancestry]
  4022 | D:4      | Reached XP level 6. HP: 18/49 MP: 6/6
  4411 | D:4      | HP: 1/49 [hound (4)]
  4413 | D:4      | Slain by a hound

Skill      XL: |  1  2  3  4 |
---------------+-------------+-----
Axes           | 2 3 |  3.6
Armour         | 3 |  3.4
Shields        | 3 |  3.4
Fighting       | 4 |  4.5

Action                   |  1- 3 |  4- 6 || total
-------------------------+-------+-------++-------
Melee: War axe           |   100 |    87 ||   187
  Use: Potion            |     2 |     2 ||     4
  Eat: Chunk             |     3 |     4 ||     7
       Ration            |       |     1 ||     1
Armor: Scale mail        |    43 |    72 ||   115
Dodge: Dodged            |    33 |    68 ||   101
Block: Shield            |    55 |    29 ||    84
       Buckler           |       |    17 ||    17
